 Dungeon Crawl Stone Soup version 0.27.1-33-g824d729ab1 (webtiles) character file.

Game seed: 15434028882289996902

217 sking99 the Sneak (level 6, -2/38 HPs)
             Began as a Kobold Delver on Dec 9, 2021.
             Was a Believer of Dithmenos.
             Slain by a gnoll (7 damage)
             ... on level 3 of the Dungeon.
             The game lasted 00:07:16 (3850 turns).

sking99 the Sneak (Kobold Delver)                   Turns: 3850, Time: 00:07:16

Health: -2/38      AC:  3    Str: 11    XL:     6   Next: 16%
Magic:  6/6        EV: 15    Int: 11    God:    Dithmenos [**....]
Gold:   15         SH:  0    Dex: 17    Spells: 5/5 levels left

rFire    + . .     SeeInvis .   u - +0 rapier
rCold    . . .     Faith    .   (shield restricted)
rNeg     . . .     Spirit   .   b - +0 leather armour
rPois    .         Reflect  .   (no helmet)
rElec    .         Harm     .   (no cloak)
rCorr    .         Rampage  .   (no gloves)
Will     .....                  (no boots)
Stlth    ++++++....             (no amulet)
HPRegen  0.12/turn              j - ring of protection from fire
MPRegen  0.10/turn              (no ring)

@: wreathed by umbra
A: small, no large weapons, nightstalker 3
a: Renounce Religion, Shadow Step


You were on level 3 of the Dungeon.
You worshipped Dithmenos.
Dithmenos was pleased with you.
You visited 2 branches of the dungeon, and saw 6 of its levels.

You collected 107 gold pieces.
You spent 92 gold pieces at shops.

Inventory:

Hand Weapons
 u - a +0 rapier (weapon)
Armour
 b - a +0 leather armour (worn)
Jewellery
 a - a +6 ring of strength
 j - a ring of protection from fire (left hand)
 t - a ring of fire
Wands
 g - a wand of digging (3)
 k - a wand of polymorph (7)
Scrolls
 c - a scroll of fog
 d - 2 scrolls of magic mapping
 e - 3 scrolls of fear
 i - 5 scrolls of identify {unknown}
 l - 2 scrolls of immolation {unknown}
 p - 3 scrolls of amnesia {unknown}
 v - a scroll of noise {unknown}
Potions
 f - a potion of haste
 h - a potion of lignification {unknown}
 m - 2 potions of magic {unknown}
 n - a potion of curing {unknown}
 o - a potion of resistance {unknown}
 q - a potion of brilliance {unknown}
 r - a potion of might {unknown}
 s - a potion of degeneration {unknown}


   Skills:
 + Level 4.3 Fighting
 * Level 5.3 Short Blades
 + Level 3.9 Dodging
 + Level 7.5 Stealth


You had 5 spell levels left.
You didn't know any spells.
Your spell library contained the following spells:

 Spells                   Type           Power      Damage    Failure   Level
 Static Discharge         Conj/Air       0%         N/A       56%         2
 Call Canine Familiar     Summ           0%         N/A       80%         3
 Portal Projectile        Hex/Tloc       0%         N/A       80%         3
 Dispel Undead            Necr           0%         3d6       99%         4
 Leda's Liquefaction      Hex/Erth       0%         N/A       99%         4
 Sticky Flame             Conj/Fire      0%         2d3       99%         4


Dungeon Overview and Level Annotations

Branches:
Dungeon (5/15)             Temple (1/1) D:4

Altars:
Ashenzari
Cheibriados
Dithmenos
Elyvilon
Fedhas
Gozag
Hepliaklqana
Kikubaaqudgha
Makhleb
Nemelex Xobeh
Okawaru
Qazlal
Ru
Sif Muna
Trog
Wu Jian
Yredelemnul
The Shining One

Shops:
D:3 *   D:5 (


Innate Abilities, Weirdness & Mutations

You are small and have problems with some larger weapons.
You are completely attuned to the shadows.


Message History

The gnoll is almost dead.
The gnoll barely misses you. The gnoll closely misses you.
You puncture the gnoll!
You kill the gnoll!
Dithmenos accepts your kill.
The gnoll hits you from afar with a +0 spear.
The gnoll barely misses you.
The gnoll hits you from afar with a +0 spear.
The gnoll barely misses you.
The gnoll hits you from afar with a +0 spear.
Things that are here:
a +0 whip; a gnoll corpse You closely miss the gnoll.
The gnoll barely misses you.
You barely miss the gnoll. The gnoll closely misses you.
The gnoll barely misses you.
You barely miss the gnoll. The gnoll barely misses you.
The gnoll hits you with a +0 spear.
You hit the gnoll.
The gnoll is lightly wounded.
The gnoll hits you from afar with a +0 spear.
* * * LOW HITPOINT WARNING * * *
The gnoll hits you but does no damage.
You hit the gnoll.
The gnoll is severely wounded.
The gnoll hits you from afar with a +0 spear.
* * * LOW HITPOINT WARNING * * *
The gnoll misses you.
You hit the gnoll.
The gnoll is almost dead.
The gnoll hits you from afar with a +0 spear.
* * * LOW HITPOINT WARNING * * *
The gnoll hits you with a +0 spear.
* * * LOW HITPOINT WARNING * * *
You hit the gnoll but do no damage.
The gnoll is almost dead.
The gnoll barely misses you. x2
Unknown command.
The gnoll misses you.
The gnoll hits you from afar with a +0 spear!
You die...

#......###'##...######
#......##.[.#.#.......
#......'....#.########
#......##...#.#
####'####...#.########
#......##...#≈≈.....≈≈
'......##...#≈...≈≈...
#......# ##.≈.≈..≈≈.
#....@.# #...≈......
#......#####..≈.≈..≈≈.
.......gg.)..≈...≈≈...
#############≈≈.....≈≈
######


You could see 2 gnolls.

Vanquished Creatures
  A scorpion (D:5)
  4 gnolls
  A howler monkey zombie (D:5)
  5 adders
  A worm (D:3)
  A dart slug (D:1)
  An orc (D:3)
  4 endoplasms
  A giant cockroach (D:1)
  7 goblins
  6 hobgoblins
  4 jackals (D:3)
  4 quokkas
  6 ball pythons
  2 bats
  7 frilled lizards
  6 kobolds
  5 rats
66 creatures vanquished.

Notes
Turn   | Place    | Note
-------+----------+-------------------------------------------
     0 | D:5      | sking99 the Kobold Delver began the quest for the Orb.
     0 | D:5      | Reached XP level 1. HP: 14/14 MP: 1/1
    18 | D:5      | Found Riuta's Weapon Boutique.
    23 | D:5      | Noticed a scorpion
    25 | D:5      | Killed a scorpion
    26 | D:5      | Reached skill level 7 in Stealth
    26 | D:5      | Reached XP level 2. HP: 20/20 MP: 2/2
    26 | D:5      | Reached XP level 3. HP: 24/24 MP: 3/3
    26 | D:5      | Reached XP level 4. HP: 29/29 MP: 4/4
   110 | D:5      | Noticed a phantom
   576 | D:4      | Found a staircase to the Ecumenical Temple.
   582 | Temple   | Entered the Ecumenical Temple
   602 | Temple   | Became a worshipper of Dithmenos the Shadowed
  1329 | D:1      | Found a faded altar of an unknown god.
  1733 | D:2      | Reached XP level 5. HP: 13/33 MP: 5/5
  1737 | D:2      | Reached * piety under Dithmenos
  2769 | D:2      | Reached skill level 5 in Short Blades
  3208 | D:3      | Found Justrups's Assorted Antiques.
  3217 | D:3      | Bought a rapier for 92 gold pieces
  3395 | D:3      | Reached XP level 6. HP: 24/38 MP: 6/6
  3411 | D:3      | Reached ** piety under Dithmenos
  3850 | D:3      | Slain by a gnoll

Illustrated notes

Levels and vault maps discovered:
D:1:      dpeg_arrival_rooms_c, layout_rooms, chequers_ecumenical_altar_simple,
          hex_medium, minmay_misc_feat_encased, st_stairs_11,
          chequers_serial_rivers_micro_d, item_on_display_a
D:2:      layout_basic, minmay_misc_feat_ornament
D:3:      layout_basic, nicolae_uskayaw_suspiria, serial_shops,
          nicolae_square_shop, amcnicky_mini_corridor_feature
D:4:      layout_rooms, minmay_temple_entry_statues_pillars
D:5:      layout_loops_ring, serial_shops, shop
Temple:   nicolae_temple_no_exploring_needed

Skill      XL: |  1  2  3  4  5 |
---------------+----------------+-----
Short Blades   | 4 5 |  5.3
Dodging        | 3 |  3.9
Stealth        | 7 |  7.5
Fighting       | 4 |  4.3

Action                   |  1- 3 |  4- 6 || total
-------------------------+-------+-------++-------
Melee: Short sword       |     1 |   140 ||   141
       Rapier            |       |    78 ||    78
 Stab: Sleeping          |     1 |    26 ||    27
Armor: Leather armour    |       |    28 ||    28
Dodge: Dodged            |       |   145 ||   145
